 Dungeon Crawl Stone Soup version 0.26-a0-43-g20b394c (webtiles) character file.

Game seed: 10882032797678217411

24 mandingueiro the Insei (level 3, -6/26 HPs)
             Began as a Merfolk Transmuter on June 3, 2020.
             Mangled by a worm (8 damage)
             ... on level 2 of the Dungeon.
             The game lasted 00:06:25 (1250 turns).

mandingueiro the Insei (Merfolk Transmuter)         Turns: 1250, Time: 00:06:26

Health: -6/26      AC:  2    Str:  9 (10) XL:     3   Next: 2%
Magic:  6/6        EV: 13    Int: 10 (13) God:
Gold:   63         SH:  0    Dex: 12 (14) Spells: 5/6 levels left

rFire    . . .     SeeInvis .     - Unarmed
rCold    . . .     Gourm    .   (no shield)
rNeg     . . .     Faith    .   b - +0 robe
rPois    .         Spirit   .   (no helmet)
rElec    .         Reflect  .   (no cloak)
rCorr    .         Harm     .   (no gloves)
MR       .....                  (no boots)
Stlth    ++........             (no amulet)
HPRegen  0.08/turn              (no ring)
MPRegen  0.10/turn              (no ring)

@: no status effects
A: change form in water, swift swim, stealthy swim
a: no special abilities


You were on level 2 of the Dungeon.
You were not hungry.

You visited 1 branch of the dungeon, and saw 2 of its levels.

You collected 63 gold pieces.

Inventory:

Hand Weapons
 g - a +0 short sword
Missiles
 a - 12 arrows
 s - 2 throwing nets (quivered)
Armour
 b - a +0 robe (worn)
 c - a +0 leather armour
Jewellery
 l - a cursed amulet of inaccuracy {unknown}
Scrolls
 e - a scroll of blinking {unknown}
 f - 2 scrolls of teleportation {unknown}
 h - a scroll of immolation {unknown}
 j - 2 scrolls of remove curse {unknown}
 m - a scroll of enchant weapon {unknown}
 n - 2 scrolls of identify {unknown}
Potions
 p - a potion of invisibility {unknown}
 q - a potion of curing
 r - a potion of flight {unknown}
Comestibles
 d - a ration
 k - 3 chunks of flesh


   Skills:
 - Level 1.1 Fighting
 + Level 3.2 Dodging
 + Level 1.2 Stealth
 + Level 3.7 Unarmed Combat
 - Level 2.0 Spellcasting
 + Level 3.2 Transmutations


You had 5 spell levels left.
You knew the following spells:

 Your Spells              Type           Power        Failure   Level  Hunger
a - Beastly Appendage     Tmut           #.....       9%          1    ##.....

Your spell library contained the following spells:

 Spells                   Type           Power        Failure   Level  Hunger
 Sticks to Snakes         Tmut           #.......     13%         2    ###....
 Spider Form              Tmut/Pois      #.........   43%         3    ####...
 Ice Form                 Ice/Tmut       #.......     85%         4    #####..
 Blade Hands              Tmut           #.........   93%         5    ######.


Dungeon Overview and Level Annotations

Branches:
Dungeon (2/15)

Altars:
Dithmenos


Message History

The worm is moderately wounded.
The kobold hits you but does no damage. The worm bites you!
You hit the worm.
You headbutt the worm, but do no damage.
The worm is moderately wounded.
The kobold barely misses you.
You hit the worm but do no damage.
The worm is moderately wounded.
The kobold hits you with a +0 whip.
* * * LOW HITPOINT WARNING * * *
The worm bites you.
* * * LOW HITPOINT WARNING * * *
You hit the worm.
The worm is moderately wounded.
Your horns disappear.
The kobold barely misses you.
You hit the worm but do no damage.
The worm is moderately wounded.
The kobold hits you but does no damage. The worm bites you!
You die...

.... #..# .. ###..##
#.# #.....#...#
#.#.....#....
#.#>....... #.#
#.#.....# #.#
#.#...!.## #.#
#.#..@...###. #.#
#.#.Kw....... #.#
##(...###...## #.#
#....##.##..#
#.###..#.#._.#.##
#######.##...#.(.....#
........##.#.##.....##
.....#..##.รท..##...##
.....#).......######


You could see a worm and a kobold.

Vanquished Creatures
  A dart slug (D:1)
  2 giant cockroaches (D:1)
  3 goblins
  5 hobgoblins
  5 bats
  A frilled lizard (D:1)
  4 kobolds (D:1)
  2 rats (D:1)
23 creatures vanquished.

Notes
Turn   | Place    | Note
-------+----------+-------------------------------------------
     0 | D:1      | mandingueiro the Merfolk Transmuter began the quest for the
                  | Orb.
     0 | D:1      | Reached XP level 1. HP: 15/15 MP: 3/3
   108 | D:1      | Reached XP level 2. HP: 13/21 MP: 5/5
   579 | D:1      | Reached skill level 1 in Stealth
  1073 | D:2      | Reached XP level 3. HP: 19/26 MP: 6/6
  1215 | D:2      | Found a shadowy altar of Dithmenos.
  1250 | D:2      | Mangled by a worm

Illustrated notes

Levels and vault maps discovered:
D:1:      nicolae_arrival_memento_mori, layout_rooms, minmay_domino_4
D:2:      layout_rooms, chequers_serial_rivers_micro_c, hangedman_decor_push,
          minivault_25, nicolae_dithmenos_through_a_glass_darkly

Skill      XL: |  1  2 |
---------------+-------+-----
Dodging        | 3 |  3.2
Transmutations | 3 |  3.2
Stealth        | 1 |  1.2
Fighting       | |  1.1
Unarmed Combat | |  3.7
Spellcasting   | |  2.0

Action                   || total
-------------------------++-------
Melee: Unarmed           ||    87
       Headbutt          ||     3
       Punch             ||     1
 Cast: Beastly Appendage ||     2
  Use: Potion            ||     3
 Stab: Sleeping          ||     2
  Eat: Chunk             ||     1
Armor: Robe              ||    22
Dodge: Dodged            ||    61

Table legend:
 A = Non-vault XP
 B = Vault XP
 C = Vault XP percentage of total XP
 D = Non-vault monster count
 E = Vault monster count
 F = Vault count percentage of total count
                 A         B        C        D         E       F
            +---------+---------+-------+---------+---------+-------
      Total |      27 |       8 |  22.9 |      19 |       4 |  17.4
            +---------+---------+-------+---------+---------+-------
        D:1 |      19 |       8 |  29.6 |      14 |       4 |  22.2
        D:2 |       8 |       0 |   0.0 |       5 |       0 |   0.0
            +---------+---------+-------+---------+---------+-------
